 Dungeon Crawl Stone Soup version 0.21-a0-91-ga5031da (webtiles) character file.

7592 nikopol the Thaumaturge (level 10, -7/53 HPs)
             Began as a Deep Elf Fire Elementalist on June 30, 2017.
             Was a Follower of Vehumet.
             Mangled by a black mamba (14 damage)
             ... on level 1 of the Lair of Beasts.
             The game lasted 01:11:35 (13118 turns).

nikopol the Thaumaturge (DEFE)                     Turns: 13118, Time: 01:11:36

Health: -7/53      AC:  8    Str:  5    XL:     10   Next: 97%
Magic:  12/28      EV: 15    Int: 24    God:    Vehumet [*.....]
Gold:   564        SH:  0    Dex: 15    Spells: 23/34 levels left

rFire    . . .     SeeInvis .   M - +0 dagger (flame)
rCold    . . .     Gourm    +   (no shield)
rNeg     . . .     Faith    .   R - +2 robe {MR+}
rPois    .         Spirit   .   (no helmet)
rElec    .         Reflect  .   B - +1 cloak {MR+}
rCorr    +         Harm     .   k - +0 pair of gloves
MR       +++..                  (no boots)
Stlth    +++.......             N - amulet of the gourmand
HPRegen  0.17/turn              L - ring of resist corrosion
MPRegen  0.21/turn              J - +1 ring of protection

@: lethally poisoned (-7 -> -22)
A: no striking features
a: Renounce Religion


You were on level 1 of the Lair of Beasts.
You worshipped Vehumet.
Vehumet was aware of your devotion.
You were completely stuffed.

You visited 3 branches of the dungeon, and saw 11 of its levels.
You also visited: Sewer, Ossuary and Bailey.

You collected 564 gold pieces.

Inventory:

Hand Weapons
 i - a +0 short sword
 M - a +0 dagger of flaming (weapon)
Armour
 k - a +0 pair of gloves (worn)
 B - a +1 cloak of magic resistance (worn)
 C - a +2 robe of cold resistance
 R - a +2 robe of magic resistance (worn)
Jewellery
 F - an uncursed ring of positive energy
 J - a +1 ring of protection (right hand)
 L - a ring of resist corrosion (left hand)
 N - an amulet of the gourmand (around neck)
Wands
 n - a wand of digging (17/24)
 w - a wand of paralysis (11/24)
 x - a wand of polymorph (6/24)
Scrolls
 d - 2 scrolls of magic mapping
 h - 6 scrolls of remove curse
 q - a scroll of identify
 v - 8 scrolls of teleportation
 y - 6 scrolls of recharging
 P - 2 scrolls of amnesia
 Q - 3 scrolls of fog
Potions
 e - 8 potions of haste
 f - a potion of magic
 g - 2 potions of might
 j - a potion of brilliance
 m - a potion of ambrosia {unknown}
 p - 2 potions of heal wounds
 t - 5 potions of curing
 u - a potion of degeneration {unknown}
 z - 3 potions of resistance
 A - 3 potions of agility
 D - a potion of invisibility {unknown}
 H - a potion of cancellation {unknown}
 K - 5 potions of flight
Books
 b - a book of Flames

   Spells                             Type                      Level
   a - Flame Tongue                   Conjuration/Fire             1
   b - Throw Flame                    Conjuration/Fire             2
   c - Conjure Flame                  Conjuration/Fire             3
   d - Inner Flame                    Hexes/Fire                   3
   e - Sticky Flame                   Conjuration/Fire             4
   f - Fireball                       Conjuration/Fire             5
 E - a book of Cantrips

   Spells                             Type                      Level
   a - Confusing Touch                Hexes                        1
   b - Animate Skeleton               Necromancy                   1
   c - Summon Small Mammal            Summoning                    1
   d - Apportation                    Translocation                1
 G - a book of Necromancy

   Spells                             Type                      Level
   a - Pain                           Necromancy                   1
   b - Animate Skeleton               Necromancy                   1
   c - Vampiric Draining              Necromancy                   3
   d - Regeneration                   Charms/Necromancy            3
   e - Animate Dead                   Necromancy                   4
   f - Control Undead                 Necromancy                   4
Miscellaneous
 l - a lightning rod (4/4)
Comestibles
 a - 2 chunks of flesh
 c - 4 bread rations
 o - 4 meat rations
 r - a royal jelly
 s - 24 fruits


   Skills:
 + Level 1.9 Fighting
 + Level 1.4 Short Blades
 + Level 5.0 Dodging
 + Level 4.8 Stealth
 + Level 12.8 Spellcasting
 + Level 9.2 Conjurations
 + Level 10.4 Fire Magic
 + Level 1.2 Evocations


You had 23 spell levels left.
You knew the following spells:

 Your Spells              Type           Power        Failure   Level  Hunger
a - Flame Tongue          Conj/Fire      #####        1%          1    None
b - Throw Flame           Conj/Fire      ######       1%          2    None
c - Conjure Flame         Conj/Fire      ######..     1%          3    None
d - Fireball              Conj/Fire      ######....   1%          5    ###....


Dungeon Overview and Level Annotations

Branches:
Dungeon (9/15)             Temple (1/1) D:6            Lair (1/6) D:8
    Orc: D:9-12

Altars:
Ashenzari
Cheibriados
Dithmenos
Elyvilon
Fedhas
Gozag
Hepliaklqana
Kikubaaqudgha
Makhleb
Nemelex Xobeh
Okawaru
Qazlal
Ru
Sif Muna
Trog
Uskayaw
Vehumet
Wu Jian
Xom
Yredelemnul
Zin
The Shining One

Shops:
D:7 %

Annotations:
D:7 1 runed door


Message History

The black mamba poisons you!
Casting: Flame Tongue
Confirm with . or Enter, or press ? or * to list all spells.
Aiming: Throw Flame
Press: ? - help, Shift-Dir - straight line, f/p - black mamba
Aim: a black mamba (moderately wounded)
The puff of flame hits the black mamba.
The black mamba is heavily wounded.
* * * LOW HITPOINT WARNING * * *
You feel sick. The black mamba barely misses you.
The black mamba closely misses you.
Casting: Throw Flame
Confirm with . or Enter, or press ? or * to list all spells.
Aiming: Throw Flame
Press: ? - help, Shift-Dir - straight line, f/p - black mamba
Aim: a black mamba (heavily wounded)
The puff of flame misses the black mamba.
* * * LOW HITPOINT WARNING * * *
You feel sick. The black mamba bites you!
You die...

.............##.....+......
...............##...#......
................##.#.......
...........................
...........................
...........................
...........................
.##..###P......S....####..
# ####.#........@....##
#....#.......#...##
#...##.......##...##
#...###........##...##
#....###.........###...##
#...# #..........# ##...##
#.... ##.........# ##...##
#...## #.........# ##...###
...# ##.........# ##....#


You could see a black mamba.

Vanquished Creatures
  Fannar (Lair:1)
  An orc knight (Bailey)
  An ugly thing (D:7)
  A komodo dragon (D:8)
  A hippogriff (D:8)
  3 blink frogs (Lair:1)
  Sigmund (D:5)
  Menkaure (Ossuary)
  A water moccasin (D:9)
  2 porcupines
  8 orc warriors
  A sky beast (D:9)
  2 ice beasts
  A black bear (D:7)
  2 phantoms (D:6)
  3 centaurs
  4 ogres (D:7)
  4 crocodiles
  2 big kobolds
  6 bullfrogs
  2 gnoll sergeants
  2 scorpions
  5 wights (D:9)
  2 howler monkeys
  A centaur zombie (D:6)
  A jelly (D:5)
  A quasit (D:6)
  2 hounds
  A centaur skeleton (D:4)
  An orc priest (D:7)
  A gnoll shaman (D:3)
  A human zombie (D:7)
  6 orc wizards
  6 iguanas
  Terence (D:3)
  3 worker ants
  Natasha (thrice) (D:3)
  2 hound zombies
  3 mummies (Ossuary)
  28 gnolls
  8 adders
  2 shadow imps
  A white imp (D:9)
  An ooze (D:3)
  An adder zombie (D:8)
  4 dart slugs
  5 worms
  3 leopard geckos
  29 orcs
  A ball python (D:7)
  4 giant cockroaches
  16 goblins
  9 hobgoblins
  12 jackals
  16 kobolds
  10 bats
  7 frilled lizards
  2 giant cockroach zombies
  2 gnoll skeletons (Ossuary)
  7 gnoll zombies (Ossuary)
  A goblin skeleton (Ossuary)
  3 goblin zombies (Ossuary)
  4 hobgoblin skeletons (Ossuary)
  2 hobgoblin zombies (Ossuary)
  2 jackal skeletons
  5 kobold skeletons (Ossuary)
  2 kobold zombies (Ossuary)
  A leopard gecko skeleton (D:8)
  4 orc skeletons (Ossuary)
  2 orc zombies (Ossuary)
  2 quokka skeletons
  7 rats
  3 rat skeletons (Ossuary)
  4 rat zombies (Ossuary)
300 creatures vanquished.

Vanquished Creatures (others)
  2 gnoll skeletons (Ossuary)
  2 goblin skeletons (Ossuary)
  A goblin zombie (Ossuary)
  A hobgoblin zombie (Ossuary)
  A kobold skeleton (Ossuary)
  An orc zombie (Ossuary)
  A rat skeleton (Ossuary)
  2 rat zombies (Ossuary)
11 creatures vanquished.

Grand Total: 311 creatures vanquished

Notes
Turn   | Place    | Note
-------+----------+-------------------------------------------
     0 | D:1      | nikopol the Deep Elf Fire Elementalist began the quest for the Orb.
     0 | D:1      | Reached XP level 1. HP: 10/10 MP: 6/6
   241 | D:1      | Reached XP level 2. HP: 15/15 MP: 4/8
   666 | D:2      | Learned a level 2 spell: Throw Flame
   936 | D:2      | Reached XP level 3. HP: 19/19 MP: 5/10
  1323 | D:2      | Found a white marble altar of Elyvilon.
  1339 | D:2      | Reached skill level 4 in Spellcasting
  1592 | D:2      | Found an ancient bone altar of Kikubaaqudgha.
  1593 | D:2      | Found a glowing golden altar of the Shining One.
  1594 | D:2      | Found a snail-covered altar of Cheibriados.
  1800 | D:3      | Reached XP level 4. HP: 24/24 MP: 4/12
  1929 | D:3      | Noticed Terence
  1961 | D:3      | Killed Terence
  2055 | D:3      | Found a glowing drain.
  2059 | Sewer    | Entered a sewer
  2164 | Sewer    | Noticed a crocodile
  2176 | Sewer    | Learned a level 3 spell: Conjure Flame
  2189 | Sewer    | Killed a crocodile
  2189 | Sewer    | Reached skill level 5 in Spellcasting
  2189 | Sewer    | Reached XP level 5. HP: 28/28 MP: 6/14
  2349 | D:3      | Reached XP level 6. HP: 32/32 MP: 2/16
  2625 | D:3      | Noticed Natasha
  2628 | D:3      | Killed Natasha
  2628 | D:3      | Reached skill level 5 in Fire Magic
  2747 | D:3      | Noticed Natasha
  2753 | D:3      | Killed Natasha
  2800 | D:3      | Noticed Natasha
  2801 | D:3      | Killed Natasha
  3284 | D:3      | Reached skill level 6 in Spellcasting
  3931 | D:4      | Reached XP level 7. HP: 36/36 MP: 14/18
  4335 | D:4      | Learned a level 5 spell: Fireball
  4418 | D:4      | Found a bloodstained altar of Trog.
  4505 | D:5      | Entered Level 5 of the Dungeon
  4670 | D:5      | Reached skill level 7 in Spellcasting
  4975 | D:5      | Noticed Sigmund
  4988 | D:5      | Killed Sigmund
  4988 | D:5      | Reached skill level 8 in Spellcasting
  4988 | D:5      | Reached XP level 8. HP: 5/41 MP: 8/22
  6446 | D:6      | Reached skill level 1 in Fighting
  6572 | D:6      | Reached skill level 5 in Conjurations
  6644 | D:6      | Found a sand-covered staircase.
  6652 | Ossuary  | Entered an ossuary
  7167 | Ossuary  | Noticed Menkaure
  7170 | Ossuary  | Killed Menkaure
  7170 | Ossuary  | Reached skill level 9 in Spellcasting
  7657 | D:6      | Found a staircase to the Ecumenical Temple.
  7668 | Temple   | Entered the Ecumenical Temple
  8149 | D:7      | Found a runed door.
  8212 | D:7      | Found a basalt altar of Yredelemnul.
  8368 | D:7      | Noticed a green ugly thing
  8379 | D:7      | Killed a green ugly thing
  8379 | D:7      | Reached skill level 10 in Spellcasting
  8379 | D:7      | Reached XP level 9. HP: 47/47 MP: 9/25
  8517 | D:7      | Found a flagged portal.
  8552 | Bailey   | Entered a bailey
  8574 | Bailey   | Noticed an orc knight
  8932 | Bailey   | Got a brightly glowing chain mail
  9243 | Bailey   | Killed an orc knight
  9243 | Bailey   | Reached skill level 11 in Spellcasting
  9513 | D:7      | Identified the cursed +1 chain mail of the Ditch-Digger {rN+ rCorr Dex-4} (You found it in a bailey)
  9574 | D:7      | Found a shadowy altar of Dithmenos.
  9653 | D:7      | Found Hehoz's Food Shop.
 10122 | D:8      | Reached XP level 10. HP: 51/52 MP: 18/27
 10299 | D:8      | Found a shimmering altar of Xom.
 10312 | D:8      | Found a sparkling altar of Nemelex Xobeh.
 10618 | D:8      | Reached skill level 1 in Short Blades
 11065 | D:8      | Found a staircase to the Lair.
 11421 | D:9      | Found a radiant altar of Vehumet.
 11429 | D:9      | Became a worshipper of Vehumet
 11483 | D:9      | Noticed a two-headed ogre
 11684 | D:9      | Reached skill level 12 in Spellcasting
 12605 | Lair:1   | Entered Level 1 of the Lair of Beasts
 12605 | Lair:1   | Noticed Fannar
 12610 | Lair:1   | Killed Fannar
 12610 | Lair:1   | Reached skill level 5 in Dodging
 12610 | Lair:1   | Reached skill level 10 in Fire Magic
 13055 | Lair:1   | Reached skill level 1 in Evocations
 13094 | Lair:1   | Reached * piety under Vehumet
 13094 | Lair:1   | Offered knowledge of Sting by Vehumet.
 13106 | Lair:1   | Noticed a black mamba
 13115 | Lair:1   | HP: 1/53 [black mamba (16)]
 13118 | Lair:1   | Mangled by a black mamba

Vault maps used:
D:1:      scummos_arrival_checkerplants, minmay_tetromino_o2
D:2:      minitemple, elyvilon_altar_3
D:3:      gup_sewer_entry_bowl, minmay_stone_trees_small,
          hangedman_decor_clover_reticule, uniq_natasha, uniq_terence
D:4:      lightli_temple_of_fire, first_bread
D:5:      uniq_sigmund
D:6:      minmay_temple_entry_poolview, nicolae_ossuary_entry_plus
D:7:      serial_shops, nicolae_shop_statue_plus, enter_bailey_3, basic_altar,
          dk_yredelemnul_ordeal
D:8:      xom_teletrap_fun, grunt_lair_entry_orc_guard_hut, blue_anna_alchemist,
          minmay_misc_feat_five, nemelex_spade_bored_becter
D:9:      lemuel_round_altar
Temple:   nicolae_temple_elliptical
Lair:1:   grunt_megastairs_3, uniq_fannar, uniq_grum
Sewer:    sewer_big_baddie
Ossuary:  ossuary_due_pyramid
Bailey:   bailey_axe_4, bailey

Skill      XL: |  1  2  3  4  5  6  7  8  9 10 |
---------------+-------------------------------+-----
Fire Magic     | 4 5 6 7 9 10 | 10.4
Spellcasting   | 4 5 6 8 10 11 12 | 12.8
Stealth        | 3 4 |  4.8
Conjurations   | 2 3 4 6 7 9 |  9.2
Dodging        | 3 4 5 |  5.0
Fighting       | 1 |  1.9
Short Blades   | 1 |  1.4
Evocations     | 1 |  1.2

Action                   |  1- 3 |  4- 6 |  7- 9 | 10-12 || total
-------------------------+-------+-------+-------+-------++-------
Melee: Short sword       |       |     1 |    46 |    43 ||    90
       Dagger            |       |       |       |     6 ||     6
 Cast: Flame Tongue      |    72 |    97 |   346 |   182 ||   697
       Throw Flame       |     2 |    12 |    29 |     9 ||    52
       Conjure Flame     |       |     2 |    14 |     2 ||    18
       Fireball          |       |       |     6 |    15 ||    21
Evoke: Wand              |       |     1 |     3 |     7 ||    11
  Use: Scroll            |     1 |     5 |    18 |     3 ||    27
       Potion            |       |       |       |     1 ||     1
  Eat: Chunk             |     2 |     6 |    27 |    17 ||    52
       Royal jelly       |       |       |     1 |       ||     1
Armor: Robe              |     6 |     9 |    49 |    32 ||    96
Dodge: Dodged            |    12 |    26 |   123 |   105 ||   266
